Unix NetHack Version 5.0.0-0 post-release - last build Jul 14 2026 02:55:29 (1809b74e8187c3a3585e283601c3028b46cbbdcb,branch:main).

Game began 2026-07-14 14:10:10, ended 2026-07-14 14:40:41.

Barrb, neutral female human Barbarian

                                                            -------
                                                            |..|..|---
                                                          ---.....--.--
                                                          |........*@.|
                                                          |........h..|
                                                          --........---
                                                            -...G%..|
                                                          -.........-
                                                         ............
                                                      ...............*.
                                                    -..................*|
                                                    --..|.--..........---
                                                     ----- --......-...
                                                            |.^.|.| .---
                                                            -..---- --
                                                            ...
                                                           ----

Barrb the Bandit           St:18/01 Dx:17 Co:17 In:8 Wi:8 Ch:6  Neutral
Dlvl:7  $:71 HP:0(57) Pw:18(18) AC:7  Xp:6 T:3050  Burdened

Latest messages:
 The hobbit hits!
 You kill the hobbit!
 The gnome lord throws 2 darts!
 The 1st dart misses you.
 You are hit by the 2nd dart.
 What do you want to zap? [ouI or ?*] o
 In what direction? 4
 The gnomish wizard turns into a steam vortex!
 The steam vortex engulfs you!
 You smite the steam vortex.
 You smite the steam vortex.
 You are burning to a crisp!
 You destroy the steam vortex!
 You are enveloped in a cloud of steam!
 There is a vapor cloud here.
 The gnome lord hits!
 The dwarf is almost hit by a poisoned dart!
 The dwarf picks up a poisoned dart.
 Are you waiting to get hit?  Use 'm' prefix to force a no-op (to rest).
 You have a little trouble lifting J - a scroll labeled VENZAR BORGAVVE (2 in total).
 You smite the gnome lord!
 The gnome lord hits!
 You kill the gnome lord!
 The gas cloud around you dissipates.
 You see here 9 darts.
 You kill the dwarf!
 You have a little trouble lifting P - 9 darts (19 in total).
 The gnome shoots an arrow!
 The arrow hits the gnome.
 The gnome is killed!
 The gnome picks up a dwarvish cloak.
 The gnome puts on a dwarvish cloak.
 The gnome picks up a pair of iron shoes.
 The gnome puts on a pair of iron shoes.
 The dwarf picks up a dart.
 The dwarf wields a dwarvish short sword!
 You stop searching.
 The gnome hits!
 You miss the gnome.
 The dwarf picks up a dagger.
 The gnome hits!
 You kill the gnome!
 The gnome shoots an arrow!
 You are hit by an arrow!
 The gnome shoots an arrow!
 You are hit by an arrow!
 The dwarf thrusts his dwarvish short sword.
 The dwarf hits!
 You die...
 Do you want your possessions identified? [ynq] (y) q

Inventory:
 Coins    ('$')
  $ - 71 gold pieces
 Weapons  (')')
  f - 3 blessed +2 darts
  j - 35 blessed +0 darts (at the ready)
  P - 19 +0 darts
  b - a +0 axe (alternate weapon; not wielded)
  a - a +0 two-handed sword (weapon in hands)
 Armor    ('[')
  E - an uncursed +0 pair of leather gloves (being worn)
  N - an uncursed +0 pair of iron shoes
  B - an uncursed +0 pair of speed boots
  c - an uncursed corroded +0 ring mail (being worn)
 Comestibles  ('%')
  K - 2 uncursed cram rations
  d - 3 uncursed food rations
  n - an uncursed fortune cookie
  A - an uncursed lembas wafer
  L - an uncursed tripe ration
 Scrolls  ('?')
  H - an uncursed scroll of blank paper
  r - an uncursed scroll of confuse monster
  x - a cursed scroll of create monster
  J - 2 uncursed scrolls of destroy armor
  Q - an uncursed scroll of identify
  w - 2 uncursed scrolls of teleportation
 Spellbooks  ('+')
  g - an uncursed spellbook of force bolt
 Potions  ('!')
  G - an uncursed potion of full healing
  h - 3 uncursed potions of healing
  y - a blessed potion of object detection
  q - an uncursed potion of oil
  i - an uncursed potion of speed
 Wands    ('/')
  u - a wand of create monster (0:15)
  o - a wand of polymorph (0:5)
  I - a wand of speed monster (0:8)
 Tools    ('(')
  M - a bag of tricks (0:14)
  z - a magic marker (0:60)
  e - an uncursed oil lamp
  R - a +0 pick-axe
  p - an uncursed skeleton key
 Gems/Stones  ('*')
  s - an uncursed jasper stone
  O - 2 uncursed worthless pieces of red glass

Barrb the Barbarian's attributes:

Background:
 You were a Bandit, a level 6 female human Barbarian.
 You were neutral, on a mission for Crom
 who was opposed by Mitra (lawful) and Set (chaotic).
 You were right-handed.
 You were in the Gnomish Mines, on level 7.
 You entered the dungeon 3050 turns ago.
 There was a new moon in effect when your adventure ended.
 You had 586 experience points, 54 more were needed to attain level 7.

Basics:
 You had 0 out of 57 hit points.
 You had all 18 energy points (spell power).
 Your armor class was 7.
 Your wallet contained 71 zorkmids.
 Autopickup was off.

Final Characteristics:
 Your strength was 18/01 (limit:18/100).
 Your dexterity was 17 (limit:18).
 Your constitution was 17 (limit:18).
 Your intelligence was 8 (limit:18).
 Your wisdom was 8 (limit:18).
 Your charisma was 6 (limit:18).

Final Status:
 You weren't hungry.
 You were burdened; movement was slightly slowed.
 You were wielding a two-handed sword.
 You had basic skill with two-handed sword and could have enhanced that.

Final Attributes:
 You were piously aligned.
 You were poison resistant.
 You were telepathic.
 You were warded.
 You are dead.

Miscellaneous:
 You didn't encounter any bones levels.
 Total elapsed playing time was 30 minutes and 29 seconds.

Major events:
 Turn
    1: Barrb the neutral female human Barbarian entered the dungeon
  754: attained the rank of Pillager (level 3)
 2171: entered the Gnomish Mines
 2465: attained the rank of Bandit (level 6)
 3050: killed by a dwarf

You didn't know any spells.

Skills:
 Fighting Skills
   bare handed combat [Basic]
   two weapon combat  [Unskilled]
   riding             [Unskilled]
 Weapon Skills
   dagger             [Unskilled]
   axe                [Basic]
   pick-axe           [Unskilled]
   short sword        [Unskilled]
   broadsword         [Unskilled]
   long sword         [Unskilled]
   two-handed sword   [Basic]
   saber              [Unskilled]
   club               [Unskilled]
   mace               [Unskilled]
   morning star       [Unskilled]
   flail              [Unskilled]
   hammer             [Unskilled]
   quarterstaff       [Unskilled]
   spear              [Unskilled]
   trident            [Unskilled]
   bow                [Unskilled]
 Spellcasting Skills
   attack spells      [Unskilled]
   escape spells      [Unskilled]

Voluntary challenges:
 Character rerolling was not enabled.
 You were illiterate.
 You never genocided any monsters.
 You never polymorphed an object.
 You never changed form.
 You used no wishes.
Achievements:
 You attained the rank of Pillager.
 You entered the Gnomish Mines.
 You attained the rank of Bandit.

 The Dungeons of Doom: levels 1 to 5
    Level 1:
       Many altars, a fountain.
    Level 2:
       A fountain.
    Level 3:
    Level 4:
       An altar, many fountains.
       Stairs down to The Gnomish Mines.
    Level 5:
 The Gnomish Mines: levels 5 to 7
    Level 5:
    Level 7: <- You were here.
       Final resting place for
          you, killed by a dwarf.


Vanquished creatures:
  a steam vortex
  a dog
  a rock piercer
  3 fog clouds
  2 gnome leaders
  2 elf zombies
  a ghoul
  a paper golem
  a giant ant
  a little dog
  a floating eye
  3 dwarves
  a rothe
  a centipede
  a giant bat
  5 dwarf zombies
  a wererat
  4 iguanas
 an acid blob
  a coyote
  4 hobbits
  a large kobold
  a hobgoblin
  2 giant rats
  a yellow mold
 11 gnomes
  2 gnome zombies
  2 geckos
  3 jackals
  3 foxes
  2 kobolds
  3 goblins
  4 sewer rats
  a grid bug
  a bat
  4 lichens
  8 newts
86 creatures vanquished.

No species were genocided or became extinct.

Game over:
                       ----------
                      /          \
                     /    REST    \
                    /      IN      \
                   /     PEACE      \
                  /                  \
                  |      Barrb       |
                  |      71 Au       |
                  |   killed by a    |
                  |      dwarf       |
                  |                  |
                  |                  |
                  |       2026       |
                 *|     *  *  *      | *
        _________)/\\_//(\/(/\)/\//\/|_)_______

Goodbye Barrb the Barbarian...

You died in The Gnomish Mines on dungeon level 7 with 2708 points,
and 71 pieces of gold, after 3050 moves.
You were level 6 with a maximum of 57 hit points when you died.

